 Dungeon Crawl Stone Soup version 0.24.0-125-gc4c63601f3 (webtiles) character file.

Game seed: 17130046917712998035, levelgen mode: deterministic

306 H0rd4k the Charlatan (level 6, 0/44 HPs)
             Began as a Human Artificer on Feb 24, 2020.
             Slain by an iguana (11 damage)
             ... on level 4 of the Dungeon.
             The game lasted 00:05:52 (3784 turns).

H0rd4k the Charlatan (Human Artificer)              Turns: 3784, Time: 00:05:53

Health: 0/44       AC:  3    Str: 13    XL:     6   Next: 67%
Magic:  8/8        EV: 13    Int: 13    God:
Gold:   160        SH:  0    Dex: 13    Spells: 5/5 levels left

rFire    . . .     SeeInvis .   w - +2 dagger (venom)
rCold    . . .     Gourm    .   (no shield)
rNeg     . . .     Faith    .   b - +0 leather armour
rPois    .         Spirit   .   (no helmet)
rElec    .         Reflect  .   (no cloak)
rCorr    .         Harm     .   (no gloves)
MR       .....                  (no boots)
Stlth    ++........             (no amulet)
HPRegen  0.14/turn              (no ring)
MPRegen  0.11/turn              (no ring)

@: no status effects
A: no striking features
a: no special abilities


You were on level 4 of the Dungeon.
You were not hungry.

You visited 1 branch of the dungeon, and saw 4 of its levels.
You also visited: Sewer.

You collected 160 gold pieces.

Inventory:

Hand Weapons
 a - a +0 short sword
 s - a +1 short sword of venom
 w - a +2 dagger of venom (weapon)
Armour
 b - a +0 leather armour (worn)
Magical Staves
 o - an uncursed staff of summoning
 v - an uncursed staff of conjuration
Jewellery
 k - a +3 ring of dexterity {unknown}
Wands
 c - a wand of flame (9)
 d - a wand of enslavement (15)
 e - a wand of random effects (13)
 r - a wand of acid (9)
Scrolls
 g - a scroll of remove curse {unknown}
 h - 5 scrolls of identify {unknown}
 j - a scroll of random uselessness {unknown}
 m - a scroll of fear {unknown}
 p - a scroll of amnesia {unknown}
 q - 2 scrolls of teleportation {unknown}
 t - a scroll of enchant weapon {unknown}
Potions
 i - a potion of haste
 l - 2 potions of curing
 n - a potion of agility
 u - 3 potions of heal wounds
 x - a potion of might {unknown}
 z - a potion of brilliance {unknown}
 A - a potion of magic {unknown}
Comestibles
 f - 3 rations


   Skills:
 + Level 2.0 Fighting
 + Level 3.2 Short Blades
 + Level 2.8 Armour
 + Level 3.5 Dodging
 + Level 1.4 Stealth
 + Level 3.6 Evocations


You had 5 spell levels left.
You didn't know any spells.
Your spell library was empty.

Dungeon Overview and Level Annotations

Branches:
Dungeon (4/15)              Sewer (visited)
 Temple: D:4-7

Altars:
Kikubaaqudgha
Yredelemnul
The Shining One


Message History

You hit the howler monkey.
You kill the howler monkey!
Your Fighting skill increases to level 2!
An iguana comes into view.
Found 15 stones.
The iguana hisses angrily.
Found 8 gold pieces.
An adder comes into view.
The iguana bites you!
You closely miss the iguana. The iguana bites you.
You hit the iguana but do no damage.
The hound barks!
You hit the iguana but do no damage. The iguana bites you!
You hit the iguana but do no damage.
The iguana is poisoned.
The iguana bites you!
* * * LOW HITPOINT WARNING * * *
You hit the iguana.
The iguana looks as sick as possible!
The iguana is lightly wounded.
The iguana bites you!
You die...

##################
#.....<).........#
#.##############.#
#.# #@# #l#


.Sh ..... #.#.... #.###$## #. .# # .# You could see an iguana, a hound and an
adder.

Vanquished Creatures
  A vampire bat (D:2)
  A howler monkey (D:4)
  Jessica (D:3)
  2 river rats (Sewer)
  9 adders
  2 oozes
  3 worms
  3 dart slugs
  3 leopard geckos
  2 orcs
  3 ball pythons (Sewer)
  3 bat skeletons (D:2)
  3 bat zombies (D:2)
  3 giant cockroaches
  3 hobgoblins (D:1)
  2 jackals (D:2)
  2 quokkas
  4 bats
  2 frilled lizards (D:3)
  6 goblins
  13 kobolds
  12 rats
83 creatures vanquished.

Notes
Turn   | Place    | Note
-------+----------+-------------------------------------------
     0 | D:1      | H0rd4k the Human Artificer began the quest for the Orb.
     0 | D:1      | Reached XP level 1. HP: 15/15 MP: 3/3
   255 | D:1      | Reached XP level 2. HP: 20/21 MP: 4/4
  1029 | D:2      | Found a basalt altar of Yredelemnul.
  1035 | D:2      | Reached skill level 1 in Armour
  1035 | D:2      | Reached XP level 3. HP: 19/26 MP: 5/5
  1054 | D:2      | Found a glowing golden altar of the Shining One.
  1232 | D:2      | Found a faded altar of an unknown god.
  1536 | D:2      | Reached XP level 4. HP: 29/32 MP: 6/6
  1555 | D:2      | Found an ancient bone altar of Kikubaaqudgha.
  1791 | D:2      | Reached XP level 5. HP: 34/37 MP: 7/7
  2003 | D:2      | Noticed a profane servitor
  2693 | D:3      | Found a glowing drain.
  2708 | Sewer    | Entered a sewer
  3015 | Sewer    | Reached XP level 6. HP: 28/43 MP: 8/8
  3593 | D:3      | Noticed Jessica
  3603 | D:3      | Killed Jessica
  3784 | D:4      | Slain by an iguana

Levels and vault maps discovered:
D:1:      evilmike_arrival_plus, layout_basic, nrook_loot_triangle
D:2:      layout_loops_corners, grunt_temple_overflow_holy_war,
          kennysheep_vampire_church, chequers_ecumenical_altar_simple_redux
D:3:      layout_loops_ring, portal_sewer_entry_d, uniq_jessica
D:4:      lemuel_castle_with_subvaults [lemuel_castle_interior_original],
          layout_loops_ring, serial_shops, shop, grunt_ministairs_15

Skill      XL: |  1  2  3  4  5  6 |
---------------+-------------------+-----
Armour         | 1 2 |  2.8
Dodging        | 3 |  3.5
Short Blades   | 2 3 |  3.2
Fighting       | 2 |  2.0
Stealth        | |  1.4
Evocations     | |  3.6

Action                   |  1- 3 |  4- 6 || total
-------------------------+-------+-------++-------
Melee: Short sword       |   112 |   130 ||   242
       Dagger            |       |    89 ||    89
Evoke: Wand              |     6 |     2 ||     8
  Use: Potion            |       |     7 ||     7
 Stab: Paralysed         |       |     4 ||     4
       Sleeping          |       |     3 ||     3
  Eat: Chunk             |     1 |     5 ||     6
       Ration            |       |     1 ||     1
Armor: Leather armour    |    46 |    63 ||   109
Dodge: Dodged            |   103 |   172 ||   275
